 Dungeon Crawl Stone Soup version 0.30-b1-2-g02819fbbbe (webtiles) character file.

Game seed: 14454498421159239486

3 Alarkh the Sneak (level 1, -1/18 HPs)
             Began as a Demonspawn Delver on May 22, 2023.
             Slain by an orc
             ... wielding a +2 flail of protection
              (4 damage)
             ... on level 4 of the Dungeon.
             The game lasted 00:01:18 (170 turns).

Alarkh the Sneak (Demonspawn Delver)                 Turns: 170, Time: 00:01:19

Health: -1/18      AC:  3    Str: 12    XL:     1   Next: 41%
Magic:  1/1        EV: 11    Int: 11    God:
Gold:   46         SH:  0    Dex: 14    Spells: 0/0 levels left

rFire   . .          .
                       - Unarmed
rCold   . . .        (no shield)
rNeg    . . .        a - +0 leather armour
rPois   .            (no helmet)
rElec   .            (no cloak)
rCorr   .            (no gloves)
SInv    .            (no boots)
Will    .....        (no amulet)
Stlth   ++           (no ring)
HPRegen 0.23/turn    (no ring)
MPRegen 0.07/turn

%: no passive effects
@: hasted, very quick
A: no striking features
a: no special abilities


You were on level 4 of the Dungeon.
You visited 1 branch of the dungeon, and saw 3 of its levels.

You collected 46 gold pieces.

Inventory:

Missiles
 i - 2 boomerangs (quivered)
Armour
 a - a +0 leather armour (worn)
Wands
 f - a wand of digging (3)
Scrolls
 b - a scroll of fog
 c - a scroll of magic mapping
 d - a scroll of fear
 h - a scroll of brand weapon {unknown}
Potions
 g - a potion of heal wounds {unknown}
 j - a potion of curing {unknown}


   Skills:
 - Level 3.0 Fighting
 - Level 1.7 Dodging
 - Level 4.5 Stealth
 + Level 2.1 Unarmed Combat


You couldn't memorise any spells.
You didn't know any spells.
Your spell library was empty.

Dungeon Overview and Level Annotations

Branches:
Dungeon (5/15)
 Temple: D:4-7

Altars:

Shops:
D:4 :

Annotations:
D:3 Natasha


Message History

The orc hits you but does no damage.
You hit the orc but do no damage.
The orc is moderately wounded.
The orc hits you with a +0 club.
You hit the orc.
The orc is heavily wounded.
The orc completely misses you.
You barely miss the orc.
The orc is heavily wounded.
The orc hits you with a +0 club.
An orc comes into view.
It is wielding a +2 flail of protection.
The orc shouts!
You hit the orc.
The orc is severely wounded.
You hear an angry hiss.
The orc hits you with a +0 club.
You hit the orc.
You kill the orc!
Your Unarmed Combat skill increases to level 2!
A ball python comes into view.
Throw: 2 boomerangs
Press: ? - help, Q - select action Shift-Dir - straight line, f - orc
Aim: an orc, wielding a +2 flail of protection (59% to hit)
You throw a boomerang. The boomerang hits the orc.
The orc is moderately wounded.
The orc attacks as you move away! The orc misses you.
You hit the orc.
The orc is heavily wounded.
The orc barely misses you.
You barely miss the orc.
The orc is heavily wounded.
The orc hits you with a +2 flail of protection.
You closely miss the orc.
The orc is heavily wounded.
The orc hits you with a +2 flail of protection!
Ouch! That really hurt!
* * * LOW HITPOINT WARNING * * *
You feel yourself speed up.
The orc hits you with a +2 flail of protection.
You die...

......##....#.#....
#.#.(..#.##...#.∩.
#.#..#...##.#.#..
#....#...##...#######.
.####....................#
...................>......#
#.###..).......##S#.#######
#.###.#...###.).#o###
..........###.#.@.#
...#..##.##..#####
##.#..##.#..##
.##.........######
...................
......<....########
.....#.....# .....#.....#
.....#.....#


You could see an orc and a ball python.

Vanquished Creatures
  An orc (D:4)
  A giant cockroach (D:4)
2 creatures vanquished.

Notes
Turn   | Place    | Note
-------+----------+-------------------------------------------
     0 | D:5      | Alarkh the Demonspawn Delver began the quest for the Orb.
     0 | D:5      | Reached XP level 1. HP: 18/18 MP: 1/1
    85 | D:5      | Noticed a +0 hand axe
    87 | D:5      | Noticed a +0 hand axe
    92 | D:5      | Noticed an iguana
    98 | D:4      | Found Ruetuoji's Book Boutique.
   137 | D:3      | Noticed Natasha
   137 | D:3      | Noticed a black bear
   170 | D:4      | Slain by an orc

Illustrated notes

Levels and vault maps discovered:
D:3:      layout_rooms, fedhas_altar_fruit_tree, trog_hazing_becter,
          small_statue_intersection, serial_park_tiny_1, uniq_sigmund,
          uniq_grinder, uniq_natasha
D:4:      layout_rooms, minmay_temple_entry_trees, nicolae_take_the_stairs
D:5:      layout_cave_pools, overflow_temple_1_default, dancing_weapons_uskayaw

Skill      XL: |  1 |
---------------+----+-----
Unarmed Combat | 2 |  2.1
Fighting       | |  3.0
Dodging        | |  1.7
Stealth        | |  4.5

Action                     || total
---------------------------++-------
  Melee: Unarmed           ||    12
  Throw: Boomerang         ||     1
    Use: Potion            ||     1
 Armour: Leather armour    ||     1
  Dodge: Dodged            ||     6
